[Event "European Corporate Championship 2022"]
[Site "Rotterdam"]
[Date "2022.06.19"]
[Round "9.14"]
[White "Jain Aum"]
[Black "Lie, Michael"]
[Result "0-1"]
[ECO "B27"]
[WhiteElo "1591"]
[BlackElo "1798"]
[Annotator "NA RC"]
[PlyCount "112"]
[EventDate "2022.06.18"]
[EventType "team-tourn"]
[EventCountry "NED"]
[SourceTitle "playchess.com"]
[Source "ChessBase"]
[SourceQuality "1"]
[TimeControl "900+5"]

1. e4 c5 2. Nf3 g6 3. d4 cxd4 4. Qxd4 Nf6 5. e5 Nc6 6. Qc3 Ne4 7. Qc4 d5 8. exd6 Nxd6 9. Qc3 e5 10. Bg5 f6 11. Be3 Be6 12. a3 Rc8 13. Qd2 Bg7 14. Nc3 Kf7 15. Rd1 Nf5 16. Be2 Qxd2+ 17. Rxd2 Nxe3 18. fxe3 Rhd8 19. Kf2 Rxd2 20. Nxd2 Rd8 21. Rd1 f5 22. Nc4 Rxd1 23. Nxd1 Ke7 24. b3 e4 25. Nd2 Ne5 26. a4 h5 27. h3 Nc6 28. Bc4 Nb4 29. Bxe6 Kxe6 30. c3 Na2 31. c4 Nc1 32. Ke1 Bf8 33. Nf2 Bb4 34. Kd1 Bxd2 35. Kxd2 Nxb3+ 36. Kc3 Nc5 37. Kb4 b6 38. Kb5 Kd6 39. Kb4 Nd3+ 40. Nxd3 exd3 41. Kc3 Kc5 42. Kxd3 Kb4 43. h4 Kxa4 44. Kc3 b5 45. cxb5 Kxb5 46. Kd4 a5 47. Ke5 a4 48. Kf6 a3 49. Kxg6 a2 50. Kxf5 a1=Q 51. Kg5 Qd1 52. e4 Qg4+ 53. Kh6 Kc6 54. e5 Kd7 55. g3 Ke7 56. e6 Kf6 0-1

[Event "European Corporate Championship 2022"]
[Site "Rotterdam"]
[Date "2022.06.19"]
[Round "9.17"]
[White "Haast, Mark"]
[Black "De Rooij, Gert"]
[Result "1-0"]
[ECO "A22"]
[WhiteElo "2414"]
[BlackElo "1937"]
[Annotator "TA"]
[PlyCount "51"]
[EventDate "2022.06.18"]
[EventType "team-tourn"]
[EventCountry "NED"]
[SourceTitle "playchess.com"]
[Source "ChessBase"]
[SourceQuality "1"]
[TimeControl "900+5"]

1. c4 Nf6 2. g3 d6 3. Bg2 Nbd7 4. Nc3 e5 5. d3 Be7 6. e4 {[%emt 0:00:00] A22: English Opening: 1...e5 2 Nc3 Nf6.} O-O 7. Nge2 Re8 8. O-O {[%emt 0:00:00] White is slightly better.} c6 9. h3 a5 10. Be3 Nc5 {[%emt 0:01:32] [#]} 11. Qd2 $146 ({Predecessor:} 11. f4 Bf8 12. g4 exf4 13. Nxf4 Ne6 14. Qd2 Nxf4 15. Rxf4 Be6 16. Raf1 d5 17. exd5 cxd5 18. Rxf6 {0-1 (64) Dziuba,M (2589)-Gallardo Fernandez,C (2240) Linares 2013}) 11... Ne6 12. f4 c5 13. g4 Nd4 {[%emt 0:00:00] [#]} (13... h6 $11 {keeps the balance.}) 14. Ng3 (14. g5 $1 $16 Nh5 15. f5) 14... g6 $2 {[%emt 0:00:00] A mistake that costs the game.} (14... exf4 $14 15. Bxf4 Nd7) 15. f5 $18 Kh8 16. g5 Nd7 17. h4 f6 $2 (17... Rg8 {was worth a try.} 18. f6 Bf8) 18. Nd5 gxf5 19. exf5 Nf8 $2 (19... Rg8 20. g6 Bf8) 20. Bxd4 cxd4 21. Ne4 {[%emt 0:00:00] Pair of Knights!} (21. g6 $142 {Intending Qh6 and mate.} Nxg6 22. fxg6) 21... Nd7 22. Qe2 {[%emt 0:00:00] [#] Threatens to win with Qh5.} Rf8 $2 (22... Rb8 23. h5 Rf8) 23. Qh5 {[%emt 0:00:00] Hoping for g6. White is clearly winning.} Rg8 24. Rf3 (24. g6 Rg7 25. Qf3 Nc5 $18) 24... fxg5 (24... b6 $142 25. Rg3 (25. g6 Rg7 $18) 25... Ra7) 25. f6 Bf8 26. Nxg5 {[%emt 0:00:00] Weighted Error Value: White=0.43/Black=0.62} 1-0

[Event "European Corporate Championship 2022"]
[Site "Rotterdam"]
[Date "2022.06.19"]
[Round "9.18"]
[White "De Bruijn, Tjerk-Peter"]
[Black "Schouten, Jordy"]
[Result "0-1"]
[ECO "B23"]
[WhiteElo "1729"]
[BlackElo "2121"]
[Annotator "NA RC"]
[PlyCount "94"]
[EventDate "2022.06.18"]
[EventType "team-tourn"]
[EventCountry "NED"]
[SourceTitle "playchess.com"]
[Source "ChessBase"]
[SourceQuality "1"]
[TimeControl "900+5"]

1. e4 c5 2. Nc3 a6 3. f4 b5 4. Nf3 Bb7 5. d3 e6 6. Be2 Nf6 7. O-O d5 8. e5 Ng8 9. d4 h5 10. Be3 Qb6 11. dxc5 Bxc5 12. Bxc5 Qxc5+ 13. Qd4 Nd7 14. a3 Nh6 15. Qxc5 Nxc5 16. Nd4 g6 17. h3 Rc8 18. Rac1 Ke7 19. Bf3 Nd7 20. Nce2 Nb6 21. b3 Rc7 22. Kf2 Rhc8 23. Ke3 Nd7 24. Kd2 h4 25. Rfd1 Ng8 26. Re1 Kf8 27. Rg1 g5 28. g3 hxg3 29. Rxg3 gxf4 30. Nxf4 Nxe5 31. Nfxe6+ fxe6 32. Nxe6+ Kf7 33. Nxc7 Rxc7 34. Bh5+ Kf8 35. Rf1+ Nf7 36. Rgf3 Ngh6 37. Rf6 Kg7 38. Rg6+ Kh7 39. Rgf6 Ng5 40. Bg6+ Kg7 41. h4 Ne4+ 42. Bxe4 dxe4 43. h5 e3+ 44. Ke2 Be4 45. Rxa6 Ng4 46. Rg1 Rxc2+ 47. Kd1 e2+ 0-1

[Event "European Corporate Championship 2022"]
[Site "Rotterdam"]
[Date "2022.06.19"]
[Round "9.19"]
[White "IJzermans, Cees"]
[Black "Jansen, Bob"]
[Result "1-0"]
[ECO "A00"]
[WhiteElo "2115"]
[BlackElo "2174"]
[Annotator "TA"]
[PlyCount "63"]
[EventDate "2022.06.18"]
[EventType "team-tourn"]
[EventCountry "NED"]
[SourceTitle "playchess.com"]
[Source "ChessBase"]
[SourceQuality "1"]
[TimeControl "900+5"]

1. b4 d5 2. Bb2 Nd7 3. Nf3 Ngf6 4. e3 c6 5. c4 Qc7 {[%emt 0:00:25] [#]} (5... e5 $11) 6. d4 $146 {[%emt 0:00:04] A00: Irregular Openings.} ({Predecessor:} 6. Nc3 e6 7. a3 h6 8. Be2 Bd6 9. Rc1 Qb8 10. d4 O-O 11. Qb3 Re8 12. b5 dxc4 13. Bxc4 {1-0 (61) Franke,R (2054)-Bogorad,M (2195) Bergen 2014}) 6... e6 7. a3 a5 8. b5 {[%emt 0:00:04] White is slightly better.} Be7 9. Nbd2 cxb5 10. cxb5 O-O 11. Bd3 Bd6 12. O-O e5 13. Rc1 Qb8 {[%emt 0:00:02] White must now prevent ...e4.} 14. dxe5 {[%emt 0:00:09] White is more active.} (14. Nxe5 {seems wilder.} Nxe5 15. dxe5 Bxe5 16. Bxe5 Qxe5 17. Qa4) 14... Nxe5 15. Nxe5 Bxe5 16. Bxe5 Qxe5 17. Nf3 Qd6 18. a4 Bg4 19. h3 Bh5 20. Be2 Rfc8 21. Qd4 Qb4 (21... h6 $14) 22. Qxb4 (22. Rxc8+ $142 $1 Rxc8 23. Qb6) 22... axb4 $16 23. Rxc8+ Rxc8 {[%emt 0:00:01] [#]} 24. Rb1 $1 Rc2 25. Bd1 Ra2 26. Rxb4 Ra1 {[%emt 0:00:02] And now ...Bxf3 would win.} 27. Rd4 Kf8 28. Kh2 Bxf3 29. Bxf3 Ke7 {[%emt 0:00:04] [#]} 30. g4 $1 Kd6 $2 (30... h6 $16 31. h4 b6) 31. g5 $18 Nd7 32. Bxd5 {Weighted Error Value: White=0.09 (flawless) /Black=0.28 (precise)} 1-0